 Dungeon Crawl Stone Soup version 0.26.0-16-gc1dbca0489 (webtiles) character file.

Game seed: 7384809635128385949

287 iamoutofideas the Firebug (level 6, -7/41 HPs)
             Began as a Demonspawn Fire Elementalist on Jan 20, 2021.
             Killed from afar by an orc wizard (11 damage)
             ... with a magic dart
             ... on level 4 of the Dungeon.
             The game lasted 00:10:41 (5506 turns).

iamoutofideas the Firebug (DsFE)                    Turns: 5506, Time: 00:10:42

Health: -7/41      AC:  2    Str:  8    XL:     6   Next: 8%
Magic:  2/10       EV: 16    Int: 18    God:
Gold:   99         SH:  0    Dex: 14    Spells: 2/12 levels left

rFire    + . .     SeeInvis .   m - +0 short sword (speed)
rCold    . . .     Faith    .   (no shield)
rNeg     . . .     Spirit   .   a - +0 robe
rPois    .         Reflect  .   d - +0 helmet
rElec    .         Harm     .   (no cloak)
rCorr    .         Rampage  .   (no gloves)
Will     .....                  (no boots)
Stlth    ++........             (no amulet)
HPRegen  0.13/turn              (no ring)
MPRegen  0.12/turn              (no ring)

@: lethally poisoned (-7 -> -32), repel missiles
A: hooves 1, repulsion field 3, deformed body, fire resistance 1, low mp 1
a: no special abilities


You were on level 4 of the Dungeon.
You visited 1 branch of the dungeon, and saw 4 of its levels.

You collected 99 gold pieces.

Inventory:

Hand Weapons
 m - a +0 short sword of speed (weapon)
Missiles
 c - 13 poisoned darts
Armour
 a - a +0 robe (worn)
 b - a +0 buckler
 d - a +0 helmet (worn)
 e - a +2 leather armour of cold resistance
Wands
 k - a wand of flame (13)
Scrolls
 g - 3 scrolls of immolation
 j - 3 scrolls of identify
 l - a scroll of amnesia
 n - a scroll of enchant armour
Potions
 f - 2 potions of magic
 h - a potion of attraction


   Skills:
 - Level 1.7 Dodging
 - Level 1.7 Stealth
 + Level 3.7 Spellcasting
 + Level 3.5 Conjurations
 + Level 4.1 Fire Magic


You had 2 spell levels left.
You knew the following spells:

 Your Spells              Type           Power        Failure   Level
a - Foxfire               Conj/Fire      68%          3%          1
b - Sticky Flame          Conj/Fire      17%          30%         4
c - Fireball              Conj/Fire      8%           65%         5

Your spell library contained the following spells:

 Spells                   Type           Power        Failure   Level
 Conjure Flame            Conj/Fire      17%          10%         3
 Inner Flame              Hex/Fire       10%          19%         3


Dungeon Overview and Level Annotations

Branches:
Dungeon (4/15)
 Temple: D:4-7

Altars:
The Shining One

Annotations:
D:2 1 runed translucent door, Crazy Yiuf


Innate Abilities, Weirdness & Mutations

You are surrounded by a strong repulsion field. (EV +4, RMsl)
Your flesh is heat resistant. (rF+)
You have large cloven feet.
Armour fits poorly on your strangely shaped body.
Your magical capacity is low. (-10% MP)


Message History

* * * LOW HITPOINT WARNING * * *
You are more poisoned.
The orc hits you.
* * * LOW HITPOINT WARNING * * *
You miss something.
* * * LOW HITPOINT WARNING * * *
You feel sick. Something barely misses you. The orc priest barely misses you.
The orc completely misses you.
You miss something.
* * * LOW HITPOINT WARNING * * *
You feel sick.
The orc wizard gestures wildly while chanting.
The orc wizard seems to speed up.
You completely miss something.
* * * LOW HITPOINT WARNING * * *
You feel sick.
You hear some strange, mumbled words.
A magic dart appears from out of thin air!
The magic dart hits you!
You die...

### #.# #####.#
#.....#
######.###.####
..##........#.<..#
.....####{#.####.#
.#..oooo@#... ..
....o.###o# ###
#.# ...#. #.# # .
# #.# #.# #.# #.#
..#


You could see 2 orc priests, an orc wizard (fast) and 3 orcs.

Vanquished Creatures
  3 orc priests (D:3)
  An iguana (D:3)
  An orc wizard (D:3)
  Robin (D:2)
  2 adders (D:2)
  A worm (D:2)
  4 dart slugs
  6 leopard geckos
  12 orcs
  4 giant cockroaches
  12 hobgoblins
  8 jackals
  4 bats
  5 frilled lizards
  11 goblins
  4 kobolds
  15 rats
94 creatures vanquished.

Vanquished Creatures (others)
  220 foxfires
220 creatures vanquished.

Grand Total: 314 creatures vanquished

Notes
Turn   | Place    | Note
-------+----------+-------------------------------------------
     0 | D:1      | iamoutofideas the Demonspawn Fire Elementalist began the
                  | quest for the Orb.
     0 | D:1      | Reached XP level 1. HP: 13/13 MP: 3/3
    29 | D:1      | Found a glowing golden altar of the Shining One.
   440 | D:1      | Gained mutation: You are surrounded by a mild repulsion
                  | field. (EV +2) [demonic ancestry]
   440 | D:1      | Reached XP level 2. HP: 19/19 MP: 0/5
   701 | D:1      | Reached skill level 3 in Fire Magic
  1190 | D:1      | Gained mutation: Your flesh is heat resistant. (rF+)
                  | [demonic ancestry]
  1190 | D:1      | Reached XP level 3. HP: 24/24 MP: 1/6
  2431 | D:2      | Noticed Robin
  2447 | D:2      | HP: 1/24 [goblin/+0 dagger[Robin] (1)]
  2448 | D:2      | Reached XP level 4. HP: 1/30 MP: 6/8
  2464 | D:2      | HP: 1/30 [hobgoblin/+0 club[Robin] (1)]
  2484 | D:2      | Killed Robin
  3149 | D:2      | Found a runed translucent door.
  3150 | D:2      | Noticed Crazy Yiuf
  3205 | D:2      | Learned a level 4 spell: Sticky Flame
  3510 | D:3      | Gained mutation: Your magical capacity is low. (-10% MP)
                  | [potion of mutation]
  3510 | D:3      | Gained mutation: Armour fits poorly on your strangely
                  | shaped body. [potion of mutation]
  3510 | D:3      | Gained mutation: You have large cloven feet. [potion of
                  | mutation]
  3511 | D:3      | Gained mutation: You are surrounded by a moderate repulsion
                  | field. (EV +3) [demonic ancestry]
  3511 | D:3      | Reached XP level 5. HP: 9/35 MP: 0/8
  3535 | D:3      | HP: 1/35 [poisoned by an orc]
  4710 | D:4      | Learned a level 5 spell: Fireball
  4719 | D:3      | Reached skill level 4 in Fire Magic
  5189 | D:3      | Gained mutation: You are surrounded by a strong repulsion
                  | field. (EV +4, RMsl) [demonic ancestry]
  5189 | D:3      | Reached XP level 6. HP: 27/41 MP: 3/10
  5506 | D:4      | Killed from afar by an orc wizard

Illustrated notes

Levels and vault maps discovered:
D:1:      dpeg_arrival_arbitrary_c, layout_loops_corners, tso_metal_star
D:2:      layout_rooms, uniq_robin, uniq_crazy_yiuf_cottage
D:3:      layout_loops_corners
D:4:      layout_basic, nicolae_overflow_hidden_temple, minmay_misc_feat_iff

Skill      XL: |  1  2  3  4  5 |
---------------+----------------+-----
Fire Magic     | 3 4 |  4.1
Conjurations   | 2 3 |  3.5
Spellcasting   | 3 |  3.7
Dodging        | |  1.7
Stealth        | |  1.7

Action                   |  1- 3 |  4- 6 || total
-------------------------+-------+-------++-------
Melee: Unarmed           |    24 |       ||    24
       Dagger            |    21 |    65 ||    86
       Kick              |       |     5 ||     5
       Short sword       |       |     8 ||     8
 Cast: Foxfire           |    87 |    85 ||   172
       Sticky Flame      |       |     2 ||     2
  Use: Scroll            |     4 |     2 ||     6
       Potion            |       |     8 ||     8
Armor: Robe              |    13 |     1 ||    14
       Leather armour    |    10 |    28 ||    38
Dodge: Dodged            |   111 |    97 ||   208
